 Dungeon Crawl Stone Soup version 0.26.1-11-gd32895ea62 (webtiles) character file.

Game seed: 17542739284900641576

2677 H0rd4k the Martial Artist (level 9, -14/54 HPs)
             Began as an Octopode Transmuter on May 25, 2021.
             Was an Initiate of Gozag.
             Demolished by Duvessa
             ... wielding a +0 short sword
              (18 damage)
             ... on level 7 of the Dungeon.
             The game lasted 00:12:38 (9155 turns).

H0rd4k the Martial Artist (Octopode Transmuter)     Turns: 9155, Time: 00:12:39

Health: -14/54     AC:  1    Str: 11    XL:     9   Next: 64%
Magic:  17/17      EV: 17    Int: 17    God:    Gozag
Gold:   307        SH:  0    Dex: 18    Spells: 14/18 levels left

rFire    x . .     SeeInvis .     - Unarmed
rCold    + . .     Faith    .   (no shield)
rNeg     . . .     Spirit   .   (helmet restricted)
rPois    .         Reflect  .   m - amulet of the acrobat
rElec    .         Harm     .   b - +6 ring of dexterity
rCorr    .         Rampage  .   h - ring of ice
Will     .....                  (no ring)
Stlth    +++.......             (no ring)
HPRegen  0.18/turn              (no ring)
MPRegen  0.15/turn              (no ring)
                                (no ring)
                                (no ring)

@: hasted, very quick
A: almost no armour, stealthy swim, amphibious, 8 rings, constrict 8, camouflage
1, gelatinous body 1
a: Renounce Religion, Potion Petition, Call Merchant, Bribe Branch


You were on level 7 of the Dungeon.
You worshipped Gozag.
Gozag was aware of your devotion.
You visited 2 branches of the dungeon, and saw 8 of its levels.

You collected 808 gold pieces.
You spent 144 gold pieces at shops.
You paid 357 gold pieces to Gozag.

Inventory:

Missiles
 e - 51 poisoned darts (quivered)
 f - 4 atropa-tipped darts
Jewellery
 b - a +6 ring of dexterity (left tentacle)
 h - a ring of ice (right tentacle)
 m - an amulet of the acrobat (around mantle)
Wands
 r - a wand of iceblast (10)
 t - a wand of digging (6)
 y - a wand of polymorph (8)
 C - a wand of flame (5)
Scrolls
 d - 3 scrolls of remove curse
 j - 2 scrolls of amnesia
 l - a scroll of magic mapping
 o - a scroll of identify
 s - 2 scrolls of fear {unknown}
 u - a scroll of immolation {unknown}
 v - 2 scrolls of random uselessness {unknown}
 w - a scroll of noise {unknown}
 x - a scroll of fog {unknown}
 B - a scroll of teleportation
 D - a scroll of enchant weapon
Potions
 a - 2 potions of brilliance
 c - 2 potions of flight
 g - 3 potions of invisibility
 i - a potion of curing {unknown}
 k - 3 potions of lignification
 n - 2 potions of attraction
 p - a potion of resistance
 q - 2 potions of might
 z - a potion of cancellation
 A - a potion of magic


   Skills:
 + Level 2.1 Fighting
 + Level 5.2 Dodging
 - Level 1.3 Stealth
 + Level 9.0 Unarmed Combat
 * Level 5.4 Spellcasting
 * Level 5.2 Transmutations
 + Level 3.3 Poison Magic


You had 14 spell levels left.
You knew the following spells:

 Your Spells              Type           Power        Failure   Level
a - Beastly Appendage     Tmut           44%          1%          1
b - Spider Form           Tmut/Pois      9%           7%          3

Your spell library contained the following spells:

 Spells                   Type           Power        Failure   Level
 Wereblood                Tmut           22%          2%          2
 Blade Hands              Tmut           11%          41%         5
 Ice Form                 Ice/Tmut       20%          43%         4


Dungeon Overview and Level Annotations

Branches:
Dungeon (7/15)             Temple (1/1) D:4

Altars:
Ashenzari
Cheibriados
Dithmenos
Elyvilon
Fedhas
Gozag
Hepliaklqana
Kikubaaqudgha
Makhleb
Okawaru
Ru
Sif Muna
Trog
Uskayaw
Vehumet
Xom
Yredelemnul
Zin
The Shining One

Shops:
D:4 *([[(   D:5 (   D:7 }

Annotations:
D:3 2 transporters, Grinder; grovkorv's ghost, amateur SpWr
D:7 Duvessa


Innate Abilities, Weirdness & Mutations

You cannot wear most types of armour.
You are very stealthy in the water. (Stealth+)
You are amphibious.
You can wear up to eight rings at the same time.
You can use your tentacles to constrict eight enemies at once.
Your skin changes colour to match your surroundings (Stealth+).
Your rubbery body absorbs attacks. (AC +1, EV +1)


Message History

Okay, then.
Unknown command. [a] - 588 gold - resistance, might, haste and brilliance [b] - 300 gold - haste [c] - 783 gold - lignification, might, resistance and haste Purchase which effect?
You don't have enough gold for that! [a] - 588 gold - resistance, might, haste and brilliance [b] - 300 gold - haste [c] - 783 gold - lignification, might, resistance and haste Purchase which effect? [a] - 588 gold - resistance, might, haste and brilliance [b] - 300 gold - haste [c] - 783 gold - lignification, might, resistance and haste Purchase which effect?
You no longer have enough gold to petition Gozag for potion effects.
You feel yourself speed up.
You constrict Duvessa.
Duvessa hits you with a +0 short sword!!
You die...
Your body crumbles into a pile of gold.

..h .. #....... .... #.
######## ....##.##
........# #.. #.......#
#..######### ## #.......#
#..........###.
#.......###.#........##..
#......e.##.#..........##
#......#@##.#.........##.
########..#.#........####
##.#.#........#.#.
#...###'###.#)))#
#######..⌠.⌠.###..#.##
..........∩....##.##.#
.........⌠.⌠...##.###.
.......)..##...##.. ##
.......)..##...#..#.#.


You could see Duvessa (berserk, fast).

Vanquished Creatures
  Maggie (D:7)
  Sigmund (D:5)
  A water moccasin (D:5)
  A black bear (D:6)
  3 orc warriors
  5 ogres
  A phantom (D:4)
  A centaur (D:7)
  2 bullfrogs
  Dowan (D:7)
  A jelly (D:7)
  A bullfrog zombie (D:5)
  6 hounds
  4 orc priests
  6 orc wizards
  A bullfrog skeleton (D:4)
  2 iguanas
  7 worker ants
  A killer bee zombie (D:7)
  A hound skeleton (D:4)
  A gnoll (D:1)
  2 adders (D:2)
  A shadow imp (D:6)
  2 white imps
  3 ufetubi
  3 oozes
  An adder skeleton (D:5)
  3 worms
  5 dart slugs (D:2)
  A leopard gecko (D:2)
  17 orcs
  A ball python (D:7)
  9 giant cockroaches
  3 goblins
  7 hobgoblins
  13 jackals
  7 quokkas
  5 bats
  6 frilled lizards
  A jackal zombie (D:7)
  8 kobolds
  A leopard gecko zombie (D:6)
  A quokka zombie (D:7)
  8 rats
156 creatures vanquished.

Notes
Turn   | Place    | Note
-------+----------+-------------------------------------------
     0 | D:1      | H0rd4k the Octopode Transmuter began the quest for the Orb.
     0 | D:1      | Reached XP level 1. HP: 13/13 MP: 3/3
   116 | D:1      | Reached XP level 2. HP: 16/18 MP: 5/5
   710 | D:1      | Reached skill level 1 in Stealth
   732 | D:1      | Reached XP level 3. HP: 15/23 MP: 6/6
   920 | D:1      | Learned a level 3 spell: Spider Form
  1274 | D:2      | Reached skill level 1 in Poison Magic
  1316 | D:2      | Reached XP level 4. HP: 28/28 MP: 7/7
  2619 | D:3      | Found a transporter.
  2729 | D:3      | Reached XP level 5. HP: 30/33 MP: 8/8
  2732 | D:3      | Reached skill level 4 in Unarmed Combat
  2787 | D:3      | Found a transporter.
  2787 | D:3      | Noticed grovkorv's ghost (amateur SpWr)
  3162 | D:3      | Noticed Grinder
  3334 | D:4      | Reached XP level 6. HP: 33/38 MP: 8/10
  3383 | D:4      | Found Nonnoros's Weapon Shoppe.
  3404 | D:4      | Found Xosilemai's Armour Shop.
  3409 | D:4      | Found Boinay's Antique Armour Emporium.
  3504 | D:4      | Reached skill level 5 in Unarmed Combat
  3747 | D:4      | Found a staircase to the Ecumenical Temple.
  3756 | D:4      | Reached XP level 7. HP: 43/43 MP: 7/11
  3795 | Temple   | Entered the Ecumenical Temple
  3987 | Temple   | Became a worshipper of Gozag Ym Sagoz the Greedy
  4059 | D:4      | Found Guir Aco's Antique Weapon Shop.
  4177 | D:4      | Found Lajeelit's Assorted Antiques.
  4561 | D:4      | You fall into a shaft and drop 2 floors!
  4618 | D:5      | Entered Level 5 of the Dungeon
  4618 | D:5      | Found an iron altar of Okawaru.
  4856 | D:5      | Noticed Sigmund
  4869 | D:5      | Killed Sigmund
  4870 | D:5      | Reached skill level 6 in Unarmed Combat
  4870 | D:5      | Reached XP level 8. HP: 49/49 MP: 10/13
  4974 | D:4      | Found a shimmering altar of Xom.
  5252 | D:4      | Bought a scroll labelled UJIESU MUTUA for 24 gold pieces
  5252 | D:4      | Bought a scroll labelled FUULOX ANNOI for 24 gold pieces
  5252 | D:4      | Bought a scroll labelled FUULOX ANNOI for 24 gold pieces
  5252 | D:4      | Bought a scroll labelled RIPTEQ BAACEPU for 24 gold pieces
  5252 | D:4      | Bought 2 scrolls labelled NYLUED SIDDAU for 48 gold pieces
  5964 | D:5      | Reached skill level 7 in Unarmed Combat
  6082 | D:5      | Found Peoboem's Antique Weapon Emporium.
  6463 | D:5      | Found a shimmering blue altar of Sif Muna.
  7221 | D:6      | Reached XP level 9. HP: 37/54 MP: 16/16
  7631 | D:7      | Reached skill level 8 in Unarmed Combat
  8456 | D:7      | Reached skill level 5 in Transmutations
  8485 | D:7      | Reached skill level 5 in Spellcasting
  8721 | D:7      | Noticed Maggie
  8852 | D:7      | Killed Maggie
  8853 | D:7      | Reached skill level 5 in Dodging
  8889 | D:7      | Found Zughal's Gadget Shoppe.
  9126 | D:7      | Noticed Dowan
  9130 | D:7      | Noticed Duvessa
  9143 | D:7      | Killed Dowan
  9145 | D:7      | Reached skill level 9 in Unarmed Combat
  9155 | D:7      | Demolished by Duvessa

Illustrated notes

Levels and vault maps discovered:
D:1:      eino_arrival_druids_welcome, layout_basic
D:2:      layout_loops_corners
D:3:      layout_loops_ring, gammafunk_ghost_mausoleum, uniq_grinder
D:4:      layout_loops_cross, kennysheep_mini_moat,
          minmay_temple_entry_gardened_gates, serial_shops, shop, shop,
          kennysheep_little_box, nicolae_shop_window_shopping,
          nicolae_shop_behind_doors
D:5:      layout_basic, okawaru_metal_pillars_1_2, lemuel_blue_sif_altar,
          serial_shops, kennysheep_mini, kennysheep_potato, uniq_sigmund
D:6:      layout_basic, abandoned_shop
D:7:      black_bear_nest_1, layout_basic, serial_shops, shop_fountains,
          grunt_decor_mini_mirrors, uniq_duvessa, uniq_maggie, uniq_pikel
Temple:   regret_index_temple_sphere_string

Skill      XL: |  1  2  3  4  5  6  7  8  9 |
---------------+----------------------------+-----
Stealth        | 1 |  1.3
Poison Magic   | 1 2 3 |  3.3
Unarmed Combat | 4 5 6 7 9 |  9.0
Dodging        | 3 4 5 |  5.2
Transmutations | 3 4 5 |  5.2
Spellcasting   | 3 4 5 |  5.4
Fighting       | 2 |  2.1

Action                   |  1- 3 |  4- 6 |  7- 9 || total
-------------------------+-------+-------+-------++-------
Melee: Unarmed           |    87 |   139 |   236 ||   462
       Constrict         |    27 |    32 |    31 ||    90
       Tentacles         |    15 |    22 |    31 ||    68
       Punch             |     1 |     4 |    13 ||    18
 Cast: Spider Form       |       |     2 |    13 ||    15
Invok: Potion Petition   |       |       |     1 ||     1
Evoke: Wand              |       |       |     1 ||     1
  Use: Scroll            |       |     3 |    15 ||    18
       Potion            |       |       |     1 ||     1
 Stab: Sleeping          |     6 |    16 |     9 ||    31
       Distracted        |       |       |     2 ||     2
Armor: Skin              |     1 |    15 |    15 ||    31
Dodge: Dodged            |    55 |    82 |   170 ||   307
